 Dungeon Crawl Stone Soup version 0.29-a0-561-ga02bf68b3c (webtiles) character file.

Game seed: 2939133927254882877

487 Essalna the Changer (level 7, 0/45 HPs)
             Began as an Octopode Transmuter on June 11, 2022.
             Slain by an orc
             ... wielding a +0 flail
              (3 damage)
             ... on level 4 of the Dungeon.
             The game lasted 00:08:37 (5250 turns).

Essalna the Changer (Octopode Transmuter)           Turns: 5250, Time: 00:08:38

Health: 0/45       AC:  1    Str:  9    XL:     7   Next: 13%
Magic:  10/10      EV: 14    Int: 17    God:
Gold:   231        SH:  0    Dex: 13    Spells: 5/10 levels left

rFire   . . .      SeeInvis .     - Unarmed
rCold   . . .      Faith    .   (no shield)
rNeg    . . .      Spirit   .   (helmet restricted)
rPois   .          Reflect  .   (no amulet)
rElec   .          Harm     .   (no ring)
rCorr   .          Rampage  .   (no ring)
Will    .....                   (no ring)
Stlth   ++........              (no ring)
HPRegen 0.15/turn               (no ring)
MPRegen 0.12/turn               (no ring)
                                (no ring)
                                (no ring)

@: mighty
A: almost no armour, amphibious, 8 rings, camouflage 1, gelatinous body 1,
(nimble swimmer 1), tentacles
a: no special abilities


You were on level 4 of the Dungeon.
You visited 1 branch of the dungeon, and saw 4 of its levels.

You collected 231 gold pieces.

Inventory:

Missiles
 j - 2 curare-tipped darts
 l - a throwing net
Wands
 i - a wand of flame (24)
 m - a wand of polymorph (9)
Scrolls
 c - a scroll of blinking {unknown}
 d - 6 scrolls of identify {unknown}
 e - a scroll of teleportation {unknown}
 f - 3 scrolls of magic mapping {unknown}
 h - a scroll of fog {unknown}
 k - a scroll of fear {unknown}
Potions
 a - 2 potions of lignification
 g - a potion of might


   Skills:
 - Level 2.6 Fighting
 - Level 3.2 Dodging
 - Level 4.0 Unarmed Combat
 - Level 2.0 Spellcasting
 + Level 4.6 Transmutations
 + Level 3.3 Ice Magic


You had 5 spell levels left.
You knew the following spells:

 Your Spells              Type           Power      Damage    Failure   Level
a - Beastly Appendage     Tmut           34%        N/A       2%          1
b - Ice Form              Ice/Tmut       15%        N/A       36%         4

Your spell library contained the following spells:

 Spells                   Type           Power      Damage    Failure   Level
 Wereblood                Tmut           17%        N/A       4%          2
 Spider Form              Tmut/Pois      9%         N/A       22%         3


Dungeon Overview and Level Annotations

Branches:
Dungeon (4/15)
 Temple: D:4-7

Altars:

Annotations:
D:2 1 runed translucent door, Crazy Yiuf


Innate Abilities, Weirdness & Mutations

You cannot wear most types of armour.
You are amphibious.
You can wear up to eight rings at the same time.
Your skin changes colour to match your surroundings (Stealth+).
Your rubbery body absorbs attacks. (AC +1, EV +1)
((You are camouflaged when in or above water. (Stealth+)))
You have tentacles for arms and can constrict up to eight enemies at once.


Message History

Your squeeze misses something. Something hits you.
* * * LOW HITPOINT WARNING * * *
You barely miss something.
You pierce something.
Something hits you.
* * * LOW HITPOINT WARNING * * *
You feel better. Something hits you.
* * * LOW HITPOINT WARNING * * *
Okay, then.
Aiming: Throw Flame
Press: ? - help, Shift-Dir - straight line, f - orc
Aim: an orc, wielding a +0 hand axe and wearing a +0 leather armour (68% to hit)
The puff of flame hits the orc.
The orc is severely wounded.
Something hits you but does no damage.
You barely miss something.
Your tentacle spike misses something.
Your squeeze misses something.
Your tentacle spike disappears.
Something hits you.
* * * LOW HITPOINT WARNING * * *
You barely miss something. Your squeeze misses something.
Something hits you but does no damage.
You closely miss something. Something hits you.
* * * LOW HITPOINT WARNING * * *
You barely miss something.
Okay, then.
Unknown command.
Okay, then.
You bludgeon something!
Reactivating autopickup.
You feel a bit more experienced.
You tentacle-slap the orc. You grab the orc. You tentacle-slap the orc.
You kill the orc!
You barely miss the orc. You grab the orc.
The orc is severely wounded.
You constrict the orc. The orc closely misses you.
You bludgeon the orc!
You kill the orc!
You tentacle-slap the orc. You grab the orc.
The orc is heavily wounded.
You constrict the orc. The orc hits you with a +0 flail.
You die...

..... ...### ..## .## ##
## .# #.# ..#####
#####......#
#####.@o........ ##
##.....##....$... .#
#..######........
.#########.## #...)....
...........#### #........
.........[................
.#################........
.......### ##.......
.#####<..##


You could see an orc.

Vanquished Creatures
  An ogre (D:4)
  2 scorpions (D:4)
  2 orc wizards
  Natasha (thrice) (D:2)
  4 gnolls (D:4)
  4 adders
  An ufetubus (D:4)
  2 dart slugs
  7 orcs
  2 bats (D:2)
  9 endoplasms
  A giant cockroach (D:4)
  4 hobgoblins
  12 jackals
  2 kobolds
  2 quokkas
  6 ball pythons
  2 frilled lizards
  5 goblins
  3 rats
74 creatures vanquished.

Notes
Turn   | Place    | Note
-------+----------+-------------------------------------------
     0 | D:1      | Essalna the Octopode Transmuter began the quest for the
                  | Orb.
     0 | D:1      | Reached XP level 1. HP: 13/13 MP: 3/3
   447 | D:1      | Reached XP level 2. HP: 18/18 MP: 3/5
   665 | D:1      | Found a faded altar of an unknown god.
  1063 | D:2      | Noticed Natasha
  1491 | D:2      | Reached XP level 3. HP: 16/23 MP: 4/6
  2133 | D:2      | Killed Natasha
  2134 | D:2      | Reached XP level 4. HP: 20/29 MP: 5/7
  2241 | D:2      | Noticed Natasha
  2248 | D:2      | Killed Natasha
  2382 | D:2      | Found a runed translucent door.
  2383 | D:2      | Noticed Crazy Yiuf
  2446 | D:2      | Noticed Natasha
  2454 | D:2      | Killed Natasha
  2455 | D:2      | Reached XP level 5. HP: 24/35 MP: 6/8
  2464 | D:2      | Learned a level 4 spell: Ice Form
  4030 | D:4      | Reached skill level 1 in Ice Magic
  4107 | D:4      | Reached XP level 6. HP: 13/41 MP: 9/9
  4907 | D:4      | HP: 1/41 [ogre/+0 giant club (23)]
  4909 | D:4      | Reached XP level 7. HP: 1/45 MP: 8/10
  5244 | D:4      | HP: 2/45 [something (4)]
  5250 | D:4      | Slain by an orc

Illustrated notes

Levels and vault maps discovered:
D:1:      zelgadis_glass_arrival_small, layout_loops_ring,
          ebering_ecumenical_altar_box
D:2:      layout_basic, roderic_roman_lattice, grunt_ministairs_8,
          minmay_cupped, uniq_natasha, uniq_crazy_yiuf_cottage
D:3:      layout_basic, corexii_leaking_fountain, chequers_serial_rivers_micro_c
D:4:      layout_rooms, kennysheep_opposing_triangles

Skill      XL: |  1  2  3  4  5  6 |
---------------+-------------------+-----
Fighting       | 2 |  2.6
Dodging        | 3 |  3.2
Transmutations | 3 4 |  4.6
Unarmed Combat | 4 |  4.0
Ice Magic      | 1 3 |  3.3
Spellcasting   | |  2.0

Action                   |  1- 3 |  4- 6 |  7- 9 || total
-------------------------+-------+-------+-------++-------
Melee: Unarmed           |    55 |   106 |    28 ||   189
       Kick              |    18 |    28 |     3 ||    49
       Constrict         |    17 |    24 |     4 ||    45
       Tentacles         |     8 |    19 |     3 ||    30
       Punch             |     4 |     2 |     1 ||     7
 Cast: Beastly Appendage |    25 |    23 |     1 ||    49
Evoke: Wand              |       |       |     1 ||     1
  Use: Potion            |       |       |     3 ||     3
 Stab: Sleeping          |     6 |     2 |       ||     8
Armor: Skin              |     3 |     4 |     2 ||     9
Dodge: Dodged            |    37 |    65 |     5 ||   107

Table legend: (Time is in decaauts)
 A = Elapsed time spent in this place.
 B = Non-inter-level travel time spent in this place.
 C = Inter-level travel time spent in this place.
 D = Time resting spent in this place.
 E = Time spent auto-exploring this place.
 F = Levels seen in this place.
 G = Mean time per level.
                   A        B        C        D        E       F      G
               +--------+--------+--------+--------+--------+-----+--------+
         Total |   5243 |   5094 |    149 |    320 |   4114 |   4 | 1310.8 |
       Dungeon |   5243 |   5094 |    149 |    320 |   4114 |   4 | 1310.8 |
               +--------+--------+--------+--------+--------+-----+--------+

Top non-repeatable levels by time:
     D:2: 1714 daAuts
     D:3: 1244 daAuts
     D:4: 1235 daAuts
     D:1: 1049 daAuts
